 Dungeon Crawl Stone Soup version 0.29-a0-1043-g569b05d6ff (webtiles) character file.

Game seed: 7782313005891465023

1686 voltaire321 the Sneak (level 9, -22/58 HPs)
             Began as an Octopode Summoner on Aug 15, 2022.
             Was an Initiate of Sif Muna.
             Annihilated by a komodo dragon (28 damage)
             ... on level 7 of the Dungeon on Aug 16, 2022.
             The game lasted 00:17:58 (6787 turns).

voltaire321 the Sneak (Octopode Summoner)           Turns: 6787, Time: 00:17:59

Health: -22/58     AC:  2    Str:  7    XL:     9   Next: 2%
Magic:  20/24      EV: 22    Int: 20    God:    Sif Muna [......]
Gold:   284        SH:  0    Dex: 19    Spells: 8/16 levels left

rFire   . . .      SeeInvis .     - Unarmed
rCold   . . .      Faith    .   (shield currently unavailable)
rNeg    . . .      Spirit   .   (helmet currently unavailable)
rPois   x          Reflect  .   (no amulet)
rElec   .          Harm     .   u - ring of willpower
rCorr   .          Rampage  .   z - ring of magical power
Will    +....                   (no ring)
Stlth   ++++......              (no ring)
HPRegen 0.19/turn               (no ring)
MPRegen 0.19/turn               (no ring)
                                (no ring)
                                (no ring)

@: spider-form
A: venomous fangs, almost no armour, (amphibious), 8 rings, tiny, (camouflage
1), (gelatinous body 1), (nimble swimmer 1), (tentacles)
a: End Transformation, Renounce Religion


You were on level 7 of the Dungeon.
You worshipped Sif Muna.
Sif Muna was noncommittal.
You were a venomous arachnid creature.
You visited 2 branches of the dungeon, and saw 8 of its levels.

You collected 362 gold pieces.
You spent 78 gold pieces at shops.

Inventory:

Hand Weapons
 c - a +0 dagger of speed
 p - a +1 rapier
 t - the +7 staff of the Meek (melded) {protect, meekguard}
   (You found it on level 3 of the Dungeon)

   It grants its wielder temporary protection when it strikes (+7 to AC).
   It provides extra protection to wielders with little health.
 y - a +4 dagger of freezing
Missiles
 f - 10 poisoned darts (quivered)
Armour
 s - a +0 hat (melded)
 D - a +0 kite shield
Jewellery
 u - a ring of willpower (left front leg)
 z - a ring of magical power (right front leg)
Wands
 e - a wand of paralysis (3)
 B - a wand of flame (17)
 E - a wand of iceblast (7)
Scrolls
 d - a scroll of teleportation
 g - 5 scrolls of fear
 h - a scroll of poison {unknown}
 o - 2 scrolls of amnesia
 q - a scroll of blinking
 C - a scroll of identify
 F - a scroll of acquirement {unknown}
Potions
 a - a potion of magic
 b - a potion of might {unknown}
 i - 2 potions of degeneration {unknown}
 j - 2 potions of flight {unknown}
 k - 2 potions of mutation {unknown}
 l - 2 potions of berserk rage {unknown}
 m - a potion of lignification
 n - 4 potions of heal wounds
 r - 2 potions of cancellation
 v - a potion of haste {unknown}
 w - a potion of invisibility {unknown}
 x - 3 potions of curing
 A - a potion of brilliance {unknown}


   Skills:
 + Level 4.0 Fighting
 + Level 4.7 Dodging
 + Level 6.5 Stealth
 + Level 2.4 Unarmed Combat
 + Level 4.2 Spellcasting
 + Level 5.8 Summonings
 + Level 3.3 Transmutations
 - Level 4.0 Poison Magic
 + Level 0.9 Invocations


You had 8 spell levels left.
You knew the following spells:

 Your Spells              Type           Power      Damage    Failure   Level
b - Call Imp              Summ           27%        N/A       8%          2
c - Call Canine Familiar  Summ           27%        N/A       12%         3
d - Spider Form           Tmut/Pois      18%        N/A       22%         3

Your spell library contained the following spells:

 Spells                   Type           Power      Damage    Failure   Level
 Summon Small Mammal      Summ           100%       N/A       5%          1
 Beastly Appendage        Tmut           34%        N/A       11%         1
 Wereblood                Tmut           17%        N/A       14%         2
 Passwall                 Tmut/Erth      8%         N/A       24%         2
 Summon Guardian Golem    Hex/Summ       15%        N/A       28%         3
 Sandblast                Erth           8%         2d5       30%         1
 Gell's Gravitas          Tloc           4%         N/A       58%         3
 Inner Flame              Hex/Fire       4%         N/A       58%         3
 Portal Projectile        Hex/Tloc       8%         N/A       58%         3
 Stone Arrow              Conj/Erth      8%         3d7       58%         3
 Teleport Other           Tloc           4%         N/A       58%         3
 Summon Lightning Spire   Summ/Air       15%        N/A       58%         4
 Cause Fear               Hex            2%         N/A       90%         4
 Leda's Liquefaction      Hex/Erth       2%         N/A       90%         4
 Dispersal                Tloc           2%         N/A       100%        6
 Discord                  Hex            2%         N/A       100%        8


Dungeon Overview and Level Annotations

Branches:
Dungeon (7/15)             Temple (1/1) D:6

Altars:
Ashenzari
Elyvilon
Fedhas
Gozag
Hepliaklqana
Kikubaaqudgha
Makhleb
Nemelex Xobeh
Okawaru
Ru
Sif Muna
Trog
Uskayaw
Zin
The Shining One

Shops:
D:5 [   D:6 [[(!


Innate Abilities, Weirdness & Mutations

You are a venomous arachnid creature.
You have poisonous fangs.
You are tiny and dextrous.
Your spellcasting is less reliable in this form.
Your armour is entirely melded.
You are incapable of wielding weapons or throwing items.
You cannot wear most types of armour.
((You are amphibious.))
You can wear up to eight rings at the same time.
((Your skin changes colour to match your surroundings (Stealth+).))
((Your rubbery body absorbs attacks. (AC +1, EV +1)))
((You are camouflaged when in or above water. (Stealth+)))
((You have tentacles for arms and can constrict up to eight enemies at once.))


Message History

You hit the komodo dragon but do no damage.
The komodo dragon is poisoned.
The komodo dragon is lightly wounded.
The komodo dragon completely misses you.
You hit the komodo dragon but do no damage.
The komodo dragon looks as sick as possible!
The komodo dragon is lightly wounded.
The komodo dragon bites you!
You hit the komodo dragon.
The komodo dragon looks as sick as possible!
The komodo dragon is lightly wounded.
The komodo dragon closely misses you.
You hit the komodo dragon.
The komodo dragon looks as sick as possible!
The komodo dragon is lightly wounded.
The komodo dragon bites you!
You hit the komodo dragon but do no damage.
The komodo dragon looks as sick as possible!
The komodo dragon is moderately wounded.
The komodo dragon misses you.
You hit the komodo dragon.
The komodo dragon looks as sick as possible!
The komodo dragon is heavily wounded.
The komodo dragon bites you!!
* * * LOW HITPOINT WARNING * * *
You hit the komodo dragon.
The komodo dragon looks as sick as possible!
The komodo dragon is heavily wounded.
The komodo dragon completely misses you.
You hit the komodo dragon but do no damage.
The komodo dragon is heavily wounded.
The komodo dragon completely misses you.
You hit the komodo dragon but do no damage.
The komodo dragon looks as sick as possible!
The komodo dragon is heavily wounded.
The komodo dragon misses you.
You completely miss the komodo dragon.
The komodo dragon is severely wounded.
The komodo dragon bites you!!
You die...

.... . .... $.##### .....
.......####.)...
#.............. .
#....l......... #.
#.....s......# #.###
###+##†.....#$ #...#
#...#....#.# ####....
#.......#..# #..#.... #
#.....#.# .####..#....
..##########.#..# #..#..#....
.............#..####..#....+##
.............#..#..#..#.......
.............####..#......#...


You could see a komodo dragon (extremely poisoned).

Vanquished Creatures
  Prince Ribbit (D:5)
  2 sky beasts
  A black bear (D:6)
  A bullfrog (D:7)
  A necrophage (D:4)
  3 scorpions
  4 wights (D:6)
  A howler monkey (D:6)
  7 jellies
  4 hounds
  A gnoll bouda (D:6)
  An iguana (D:6)
  7 gnolls
  5 adders
  A shadow imp (D:5)
  A white imp (D:7)
  An ufetubus (D:5)
  5 dart slugs
  8 orcs
  7 ball pythons
  5 bats
  4 endoplasms
  3 giant cockroaches
  6 goblins
  3 hobgoblins
  4 jackals
  A quokka (D:4)
  A frilled lizard (D:1)
  2 kobolds
  6 rats
97 creatures vanquished.

Vanquished Creatures (collateral kills)
  An endoplasm (D:1)
  A frilled lizard (D:1)
2 creatures vanquished.

Vanquished Creatures (others)
  7 plants (D:4)
7 creatures vanquished.

Grand Total: 106 creatures vanquished

Notes
Turn   | Place    | Note
-------+----------+-------------------------------------------
     0 | D:1      | voltaire321 the Octopode Summoner began the quest for the
                  | Orb.
     0 | D:1      | Reached XP level 1. HP: 11/11 MP: 3/3
   383 | D:1      | Found a faded altar of an unknown god.
   419 | D:1      | Reached XP level 2. HP: 18/18 MP: 5/5
   438 | D:1      | Reached skill level 3 in Stealth
   592 | D:1      | Learned a level 2 spell: Call Imp
  1109 | D:2      | Reached XP level 3. HP: 15/22 MP: 6/6
  1302 | D:2      | Reached skill level 1 in Fighting
  1481 | D:2      | Learned a level 3 spell: Call Canine Familiar
  2223 | D:3      | Found the +7 staff of the Meek {protect, meekguard}
  2416 | D:3      | Reached XP level 4. HP: 27/28 MP: 7/7
  2867 | D:4      | Noticed a scorpion
  2876 | D:4      | Killed a scorpion
  2877 | D:4      | Reached skill level 4 in Stealth
  2877 | D:4      | Reached XP level 5. HP: 34/34 MP: 7/9
  2881 | D:4      | Learned a level 3 spell: Spider Form
  3350 | D:4      | Reached skill level 1 in Poison Magic
  3350 | D:4      | Reached XP level 6. HP: 35/39 MP: 10/10
  3424 | D:4      | Reached skill level 1 in Transmutations
  3663 | D:5      | Entered Level 5 of the Dungeon
  4108 | D:5      | Noticed Prince Ribbit
  4118 | D:5      | Killed Prince Ribbit
  4119 | D:5      | Reached skill level 5 in Stealth
  4119 | D:5      | Reached XP level 7. HP: 20/45 MP: 11/11
  4291 | D:5      | Reached skill level 5 in Summonings
  4488 | D:5      | Found Oxoanka's Armour Boutique.
  4565 | D:6      | Reached skill level 1 in Unarmed Combat
  4565 | D:6      | Reached XP level 8. HP: 43/52 MP: 13/13
  5187 | D:6      | Reached skill level 6 in Stealth
  5420 | D:6      | Found Ackomow's Antique Weapon Shoppe.
  5433 | D:6      | Found Gevvetho's Distillery.
  5446 | D:6      | Bought a potion of curing for 30 gold pieces
  5583 | D:6      | Found a shimmering blue altar of Sif Muna.
  5654 | D:6      | Found Centaavoedd's Armour Shop.
  5662 | D:6      | Bought a +0 hat for 48 gold pieces
  5736 | D:6      | Found Riahouzu's Antique Armour Emporium.
  5996 | D:6      | Found a staircase to the Ecumenical Temple.
  6002 | Temple   | Entered the Ecumenical Temple
  6543 | D:6      | Became a worshipper of Sif Muna the Loreminder
  6769 | D:7      | Noticed a komodo dragon
  6775 | D:7      | Reached XP level 9. HP: 53/58 MP: 15/15
  6787 | D:7      | Annihilated by a komodo dragon

Illustrated notes

Levels and vault maps discovered:
D:1:      nicolae_arrival_memento_mori, layout_basic,
          hellmonk_ecumenical_altar_pennies_from_heaven,
          minmay_misc_feat_hallway
D:2:      layout_loops_ring
D:3:      layout_basic, minmay_pentomino_pile
D:4:      layout_loops_ring, minmay_crystal_room, grunt_decor_one_mirror,
          serial_bayou_lake_a
D:5:      layout_rooms, serial_shops, shop_fountains, uniq_prince_ribbit1
D:6:      layout_basic, mainiacjoe_overflow_24_doors, minmay_temple_entry_fiery,
          serial_shops, nicolae_shop_stone, kennysheep_mini_moat,
          shop_fountains, kennysheep_mini, kennysheep_small_square
D:7:      layout_gridville, chequers_temple_overflow_statue_of_worship,
          hangedman_abyss_or_decor_stagger
Temple:   minmay_temple_curvy_branch

Skill      XL: |  1  2  3  4  5  6  7  8 |
---------------+-------------------------+-----
Stealth        | 3 4 5 6 |  6.5
Fighting       | 1 2 3 4 |  4.0
Dodging        | 3 4 |  4.7
Poison Magic   | 1 2 3 4 |  4.0
Spellcasting   | 3 4 |  4.2
Transmutations | 1 2 3 |  3.3
Summonings     | 5 |  5.8
Unarmed Combat | 1 2 |  2.4
Invocations    | |  0.9

Action                   |  1- 3 |  4- 6 |  7- 9 || total
-------------------------+-------+-------+-------++-------
Melee: Unarmed           |    31 |       |    11 ||    42
       Constrict         |    15 |    14 |    18 ||    47
       Tentacles         |    10 |     8 |    22 ||    40
       Rapier            |    26 |       |       ||    26
       Quarterstaff      |     6 |    53 |    96 ||   155
       Punch             |     1 |     2 |     2 ||     5
Throw: Dart              |    14 |       |       ||    14
 Cast: Summon Small Mamm |     3 |       |       ||     3
       Call Imp          |     2 |       |       ||     2
       Call Canine Famil |       |       |     3 ||     3
       Spider Form       |       |       |     1 ||     1
  Use: Scroll            |     4 |     6 |     3 ||    13
 Stab: Sleeping          |     8 |     6 |     6 ||    20
Armor: Skin              |     6 |    17 |    24 ||    47
Dodge: Dodged            |    41 |    33 |    80 ||   154

Table legend: (Time is in decaauts)
 A = Elapsed time spent in this place.
 B = Non-inter-level travel time spent in this place.
 C = Inter-level travel time spent in this place.
 D = Time resting spent in this place.
 E = Time spent auto-exploring this place.
 F = Levels seen in this place.
 G = Mean time per level.
                   A        B        C        D        E       F      G
               +--------+--------+--------+--------+--------+-----+--------+
         Total |   6835 |   6382 |    453 |   1083 |   4028 |   8 |  854.4 |
       Dungeon |   6379 |   6124 |    255 |   1083 |   3807 |   7 |  911.3 |
        Temple |    455 |    257 |    198 |      0 |    221 |   1 |  455.0 |
               +--------+--------+--------+--------+--------+-----+--------+

Top non-repeatable levels by time:
     D:6: 1724 daAuts
     D:1: 1100 daAuts
     D:2: 987 daAuts
     D:4: 852 daAuts
     D:5: 844 daAuts
     D:3: 739 daAuts
  Temple: 455 daAuts
     D:7: 130 daAuts
